 Dungeon Crawl Stone Soup version 0.30-a0-219-gf2db51d15e (webtiles) character file.

Game seed: 11664319572153192422

126 sleeves the Cudgeller (level 5, -3/27 HPs)
             Began as a Vine Stalker Fighter on Oct 7, 2022.
             Slain by an ogre
             ... wielding a +0 giant club
              (12 damage)
             ... on level 4 of the Dungeon.
             The game lasted 00:01:30 (2058 turns).

sleeves the Cudgeller (Vine Stalker Fighter)        Turns: 2058, Time: 00:01:30

Health: -3/27      AC:  8    Str: 19    XL:     5   Next: 10%
Magic:  0/6        EV:  9    Int: 10    God:
Gold:   151        SH:  4    Dex: 13    Spells: 4/4 levels left

rFire   . . .      SeeInvis .    a - +0 flail
rCold   . . .      Faith    .    c - +0 buckler
rNeg    . . .      Spirit   +    b - +0 scale mail
rPois   .          Reflect  .    (no helmet)
rElec   .          Harm     .    m - +0 cloak
rCorr   .          Rampage  .    p - +0 pair of gloves
Will    .....                    (no boots)
Stlth   ..........               j - amulet of regeneration
HPRegen 1.84/turn                (no ring)
MPRegen 0.10/turn                (no ring)

@: no status effects
A: fangs 2, regeneration 1, magic shield, antimagic bite, no potion heal 2
a: no special abilities


You were on level 4 of the Dungeon.
You visited 1 branch of the dungeon, and saw 4 of its levels.

You collected 151 gold pieces.

Inventory:

Hand Weapons
 a - a +0 flail (weapon)
Armour
 b - a +0 scale mail (worn)
 c - a +0 buckler (worn)
 m - a +0 cloak (worn)
   (You found it on level 2 of the Dungeon)
 p - a +0 pair of gloves (worn)
   (You found it on level 2 of the Dungeon)
Jewellery
 j - an amulet of regeneration (around neck)
   (You found it on level 1 of the Dungeon)
Wands
 l - a wand of charming (4)
   (You found it on level 2 of the Dungeon)
 s - a wand of flame (16)
   (You found it on level 3 of the Dungeon)
 u - a wand of roots (3)
   (You took it off a hobgoblin on level 3 of the Dungeon)
Scrolls
 e - 3 scrolls of identify {unknown}
 f - 2 scrolls of butterflies {unknown}
 h - 2 scrolls of vulnerability {unknown}
 q - 2 scrolls of teleportation {unknown}
 r - a scroll of magic mapping {unknown}
Potions
 d - 2 potions of might
 g - a potion of flight {unknown}
 i - 4 potions of brilliance {unknown}
 k - a potion of berserk rage {unknown}
 n - a potion of ambrosia {unknown}
 o - a potion of mutation {unknown}
 t - a potion of haste {unknown}
 v - 2 potions of heal wounds {unknown}


   Skills:
 - Level 2.6 Fighting
 + Level 4.6 Maces & Flails
 - Level 2.4 Armour
 - Level 2.6 Shields


You had 4 spell levels left.
You didn't know any spells.
Your spell library was empty.

Dungeon Overview and Level Annotations

Branches:
Dungeon (4/15)
 Temple: D:4-7

Altars:


Innate Abilities, Weirdness & Mutations

You have extremely sharp teeth.
Your natural rate of healing is unusually fast.
When hurt, damage is shared between your health and your magic reserves.
Your bite disrupts and absorbs the magic of your enemies.
Potions cannot restore your health.


Message History

You are too injured to fight recklessly!
You are too injured to fight recklessly!
You are too injured to fight recklessly!
There are monsters nearby!
There are monsters nearby!
You hit the ball python.
You kill the ball python!
You feel sick.
You are no longer poisoned.
The rat bites you but does no damage.
You sock the rat!
You kill the rat!
Things that are here:
a +1 dagger of venom; a rat corpse
g - a fizzy purple potion You now have 34 gold pieces (gained 11).
A kobold comes into view. It is wielding a +0 whip.
The kobold shouts!
You hear an angry hiss.
A kobold is nearby!
A frilled lizard comes into view.
The frilled lizard hisses angrily.
You hear a shout!
A hobgoblin and a rat come into view.
The hobgoblin shouts!
The kobold closely misses you.
You thump the kobold!
You kill the kobold!
A goblin comes into view. It is wielding a +0 dagger.
A rat comes into view.
The goblin moves out of view.
The goblin shouts!
The frilled lizard bites you but does no damage.
Things that are here:
a +0 whip; a kobold corpse You miss the frilled lizard.
The frilled lizard barely misses you.
You barely miss the hobgoblin. You bite the hobgoblin. You drain its power.
The hobgoblin is almost dead.
The hobgoblin barely misses you. The frilled lizard bites you.
You hit the hobgoblin.
You kill the hobgoblin!
A jackal comes into view.
The frilled lizard barely misses you. You block the frilled lizard's attack.
You thump the frilled lizard!
You kill the frilled lizard!
You block the rat's attack. The rat barely misses you.
You barely miss the goblin. You bite the goblin. You drain its power.
The goblin is severely wounded.
The rat bites you but does no damage. x2; The goblin closely misses you.
There are monsters nearby!
There are monsters nearby!
You sock the goblin!
You kill the goblin!
The rat bites you.
The rat bites you but does no damage. x2
You block the rat's attack.
You sock the rat!
You kill the rat!
The jackal bites you but does no damage.
The rat bites you.
A jackal comes into view.
You completely miss the jackal.
The jackal barks!
Your bite misses the jackal.
You hear a shout!
The jackal bites you but does no damage.
The rat bites you but does no damage. The jackal bites you.
You are too injured to fight recklessly!
You are too injured to fight recklessly!
You are too injured to fight recklessly!
You are too injured to fight recklessly!
You are too injured to fight recklessly!
You are too injured to fight recklessly!
You are too injured to fight recklessly!
You are too injured to fight recklessly!
You are too injured to fight recklessly!
You are too injured to fight recklessly!
You are too injured to fight recklessly!
You are too injured to fight recklessly!
You closely miss the jackal. You bite the jackal. You drain its power.
The jackal is moderately wounded.
The jackal closely misses you. The rat bites you but does no damage.
The jackal bites you but does no damage.
The rat bites you but does no damage.
You closely miss the jackal.
The jackal is moderately wounded.
The jackal bites you but does no damage.
The rat bites you but does no damage. The jackal closely misses you.
You closely miss the jackal. Your bite misses the jackal.
The jackal is moderately wounded.
The jackal bites you but does no damage.
The rat bites you but does no damage.
A hobgoblin comes into view.
The jackal closely misses you.
The hobgoblin shouts!
You sock the jackal!
You kill the jackal!
You block the jackal's attack. The rat bites you.
The jackal bites you but does no damage.
You hit the jackal. You bite the jackal. You drain its power.
The jackal is heavily wounded.
You block the jackal's attack. The rat closely misses you.
You block the jackal's attack. The rat closely misses you.
You barely miss the jackal. You bite the jackal.
You kill the jackal!
You block the rat's attack.
Your Maces & Flails skill increases to level 3!
You thump the rat!
You kill the rat!
You sock the hobgoblin!
You kill the hobgoblin!
A goblin comes into view. It is wielding a +0 dagger.
Things that are here:
a +0 dagger; a jackal corpse You barely miss the goblin.
Your bite misses the goblin. The goblin closely misses you.
You hit the goblin.
The goblin is severely wounded.
The goblin hits you but does no damage.
You hit the goblin but do no damage.
The goblin is heavily wounded.
The goblin barely misses you. The goblin hits you with a +0 dagger.
You sock the goblin!
You kill the goblin!
You have reached level 3!
Your experience leads to an increase in your attributes!
Increase (S)trength, (I)ntelligence, or (D)exterity?
You feel clever. x2
A dart slug comes into view.
A dart slug is nearby!
A dart slug is nearby!
A dart slug is nearby!
Things that are here:
a +0 dagger; a goblin corpse A hobgoblin comes into view.
Found 2 lumpy blue potions.
The hobgoblin shouts!
A bat comes into view.
The dart slug bites you.
The bat moves out of view.
You sock the dart slug!
You kill the dart slug!
You barely miss the hobgoblin. You block the hobgoblin's attack.
The hobgoblin hits you but does no damage.
You thump the hobgoblin!
You kill the hobgoblin!
The bat barely misses you.
You barely miss the bat. You bite the bat.
You kill the bat!
No target in view!
Found a ring mail.
You now have 44 gold pieces (gained 10).
Things that are here:
a hobgoblin corpse; a dart slug corpse You now have 53 gold pieces (gained 9).
Things that are here:
a +0 dagger; a goblin corpse
Things that are here:
a hobgoblin corpse; a dart slug corpse
h - a scroll labelled JAB PIWEKUENN
i - 2 lumpy blue potions No target in view!
No target in view!
No target in view!
No target in view!
No target in view!
No target in view!
No target in view!
No target in view!
You open the door.
There is an open door here.
Found a short sword.
You open the door.
A ball python comes into view.
The ball python hisses angrily.
A ball python is nearby!
A ball python is nearby!
A ball python comes into view.
The ball python hisses angrily.
The ball python bites you but does no damage.
The ball python grabs you. The ball python constricts you.
You closely miss the ball python.
The ball python bites you but does no damage.
The ball python constricts you.
The ball python bites you but does no damage.
You barely miss the ball python. Your bite misses the ball python.
The ball python bites you but does no damage.
The ball python constricts you.
The ball python bites you but does no damage.
The ball python barely misses you.
The ball python bites you but does no damage.
The ball python constricts you.
You hit the ball python. You bite the ball python.
You kill the ball python!
The ball python barely misses you. The ball python grabs you.
The ball python constricts you.
You sock the ball python!
You kill the ball python!
No target in view!
No target in view!
No target in view!
No target in view!
A hobgoblin comes into view.
The hobgoblin shouts!
A hobgoblin is nearby!
The hobgoblin hits you.
You closely miss the hobgoblin. Your bite misses the hobgoblin.
You block the hobgoblin's attack.
You barely miss the hobgoblin.
You bite the hobgoblin, but do no damage.
The hobgoblin hits you but does no damage.
The hobgoblin closely misses you.
You hit the hobgoblin. You bite the hobgoblin.
You kill the hobgoblin!
No target in view!
No target in view!
No target in view!
No target in view!
No target in view!
Magic restored.
You see here a hobgoblin corpse.
You open the door.
There is an open door here.
You open the door.
A hobgoblin and a quokka come into view.
The hobgoblin shouts!
There is an open door here.
There are monsters nearby!
There are monsters nearby!
You barely miss the quokka. The quokka bites you.
The quokka bites you but does no damage.
You barely miss the quokka. You bite the quokka, but do no damage.
The quokka bites you but does no damage.
You hit the quokka.
The quokka is moderately wounded.
The quokka bites you but does no damage.
The quokka barely misses you.
You hit the quokka.
You kill the quokka!
You hit the hobgoblin. Your bite misses the hobgoblin.
The hobgoblin is almost dead.
The hobgoblin hits you but does no damage.
You sock the hobgoblin!
You kill the hobgoblin!
No target in view!
No target in view!
No target in view!
No target in view!
You open the door.
You now have 67 gold pieces (gained 14).
Found a stone staircase leading down.
Found an escape hatch in the floor.
There is an escape hatch in the floor here.
There is an escape hatch in the floor here.
There is an open door here.
You open the door.
There is an open door here.
Found a stone staircase leading down.
No target in view!
No target in view!
No target in view!
No target in view!
No target in view!
No target in view!
No target in view!
No target in view!
No target in view!
No target in view!
h - 2 scrolls labelled JAB PIWEKUENN (gained 1)
There is a stone staircase leading down here.
A dart slug comes into view.
Found a blackened bone amulet and a metallic silvery potion.
A dart slug is nearby!
A dart slug is nearby!
A dart slug is nearby!
The dart slug barely misses you.
You hit the dart slug. You bite the dart slug. You drain its power.
The dart slug is severely wounded.
The dart slug launches a dart at you. The slug dart hits you.
You sock the dart slug!
You kill the dart slug!
No target in view!
No target in view!
No target in view!
No target in view!
No target in view!
No target in view!
j - an amulet of regeneration A dart slug comes into view.
The dart slug launches a dart at you. The slug dart hits you.
You start putting on your amulet.
You continue putting on your amulet of regeneration. x3
The dart slug launches a dart at you.
Keep equipping yourself? [Y]es or [N]o only, please.
Keep equipping yourself? [Y]es or [N]o only, please.
Keep equipping yourself? [Y]es or [N]o only, please.
Keep equipping yourself? [Y]es or [N]o only, please.
Keep equipping yourself? [Y]es or [N]o only, please.
Keep equipping yourself? [Y]es or [N]o only, please.
Keep equipping yourself? [Y]es or [N]o only, please.
Keep equipping yourself? [Y]es or [N]o only, please.
Keep equipping yourself? [Y]es or [N]o only, please.
Keep equipping yourself? [Y]es or [N]o only, please.
Keep equipping yourself? [Y]es or [N]o only, please.
Keep equipping yourself? [Y]es or [N]o only, please.
Keep equipping yourself? [Y]es or [N]o only, please.
Keep equipping yourself? [Y]es or [N]o only, please.
Keep equipping yourself? [Y]es or [N]o only, please.
Keep equipping yourself? [Y]es or [N]o only, please.
Keep equipping yourself? [Y]es or [N]o only, please.
Keep equipping yourself? [Y]es or [N]o only, please.
Keep equipping yourself?
You stop putting on your amulet.
The slug dart hits you.
You sock the dart slug!
The dart slug is almost dead.
The dart slug launches a dart at you. You block the slug dart.
You completely miss the dart slug. You bite the dart slug.
You kill the dart slug!
No target in view!
No target in view!
No target in view!
No target in view!
No target in view!
No target in view!
No target in view!
You start putting on your amulet.
You continue putting on your amulet of regeneration. x5
You finish putting on your amulet of regeneration.
The amulet throbs as it attunes itself to your uninjured body.
j - an amulet of regeneration (around neck)
k - a metallic silvery potion You see here a dart slug corpse.
You see here a dart slug corpse.
A bat comes into view.
A bat is nearby!
A bat is nearby!
You closely miss the bat. The bat hits you.
The bat hits you but does no damage.
You closely miss the bat. The bat barely misses you.
The bat closely misses you.
You barely miss the bat. The bat hits you but does no damage. x2
You closely miss the bat. The bat hits you but does no damage. x2
You barely miss the bat. You bite the bat.
You kill the bat!
No target in view!
No target in view!
No target in view!
A quokka comes into view.
A quokka is nearby!
You closely miss the quokka. You bite the quokka, but do no damage.
The quokka bites you but does no damage.
You barely miss the quokka. You bite the quokka. You drain its power.
The quokka is severely wounded.
You block the quokka's attack.
The quokka bites you but does no damage.
You barely miss the quokka.
The quokka is severely wounded.
The quokka bites you but does no damage.
You hit the quokka.
You kill the quokka!
No target in view!
No target in view!
No target in view!
No target in view!
No target in view!
You see here a quokka corpse.
A goblin comes into view. It is wielding a +0 club.
The goblin shouts!
The goblin moves out of view.
A goblin is nearby!
You barely miss the goblin. Your bite misses the goblin.
The goblin hits you with a +0 club. x2
You thump the goblin!
You kill the goblin!
No target in view!
No target in view!
No target in view!
No target in view!
No target in view!
Things that are here:
a +0 club; a goblin corpse You open the door.
There is an open door here.
You see here a hobgoblin skeleton.
You open the door.
Found a faded altar of an unknown god.
There is an open door here.
There is an open door here.
You open the door.
There is an open door here.
Done exploring.
Done exploring.
No target in view!
No target in view!
No target in view!
No target in view!
No target in view!
No target in view!
(D) Dungeon
Where to? (? - help)
There is an open door here.
There is a stone staircase leading down here.
You climb downwards.
Found a runed gold wand.
Found a stone staircase leading down.
There is a stone staircase leading up here.
A giant cockroach is nearby!
Unknown command.
A giant cockroach is nearby!
A giant cockroach is nearby!
You hit the giant cockroach.
You kill the giant cockroach!
No target in view!
No target in view!
No target in view!
No target in view!
No target in view!
No target in view!
l - a wand of charming (4)
e - 2 scrolls labelled PAOXASMIWA (gained 1)
i - 3 lumpy blue potions (gained 1)
Found a ring mail.
No target in view!
No target in view!
No target in view!
No target in view!
No target in view!
No target in view!
No target in view!
A bat comes into view.
The bat moves out of view.
A bat is nearby!
You block the bat's attack.
You hit the bat.
You kill the bat!
No target in view!
No target in view!
No target in view!
You see here a +0 ring mail.
An adder comes into view.
The adder hisses angrily.
An adder is nearby!
An adder is nearby!
The adder closely misses you.
You miss the adder. You bite the adder. You drain its power.
The adder is lightly wounded.
The adder bites you.
You are poisoned.
The adder poisons you! The adder bites you but does no damage.
You sock the adder!
The adder is almost dead.
You feel sick. The adder closely misses you.
You sock the adder!
You kill the adder!
You feel sick.
No target in view!
No target in view!
No target in view!
No target in view!
No target in view!
No target in view!
No target in view!
No target in view!
You feel sick.
You feel sick.
You feel sick.
You are no longer poisoned.
HP restored.
Found 3 stones.
A goblin comes into view. It is wielding a +0 dagger.
The goblin shouts!
A goblin is nearby!
The goblin hits you with a +0 dagger.
You hit the goblin.
You kill the goblin!
You have reached level 4!
You feel stronger.
You begin to heal more quickly.
Things that are here:
a +0 dagger; a goblin corpse A goblin comes into view.
It is wielding a +0 club.
The goblin shouts!
A goblin is nearby!
A goblin is nearby!
The goblin hits you but does no damage.
You closely miss the goblin. The goblin barely misses you.
You barely miss the goblin. You bite the goblin.
You kill the goblin!
No target in view!
No target in view!
No target in view!
No target in view!
No target in view!
Things that are here:
a +0 club; a goblin corpse
Found a trident.
A giant cockroach comes into view.
Found a smoky pink potion.
The giant cockroach moves out of view.
m - a +0 cloak You see here a +0 dagger.
A giant cockroach is nearby!
The giant cockroach barely misses you.
You thump the giant cockroach!
You kill the giant cockroach!
No target in view!
No target in view!
No target in view!
No target in view!
n - a smoky pink potion
i - 4 lumpy blue potions (gained 1)
Found a great mace.
o - a smoky coppery potion No target in view!
No target in view!
No target in view!
No target in view!
No target in view!
No target in view!
No target in view!
No target in view!
No target in view!
Found a stone staircase leading down.
You now have 73 gold pieces (gained 6).
You see here a +0 great mace.
A rat comes into view.
A rat is nearby!
You barely miss the rat. The rat bites you but does no damage.
You hit the rat.
You kill the rat!
No target in view!
No target in view!
No target in view!
No target in view!
No target in view!
No target in view!
No target in view!
No target in view!
There is a stone staircase leading down here.
A hobgoblin and a kobold come into view.
Found a stone staircase leading down.
The kobold shouts!
There are monsters nearby!
There are monsters nearby!
There are monsters nearby!
A rat comes into view.
The kobold hits you but does no damage.
You hit the hobgoblin. Your bite misses the hobgoblin.
The hobgoblin is severely wounded.
The kobold hits you but does no damage.
The hobgoblin hits you but does no damage. x2
The kobold hits you but does no damage.
You closely miss the hobgoblin. Your bite misses the hobgoblin.
The hobgoblin is severely wounded.
You block the kobold's attack.
The hobgoblin hits you but does no damage.
You closely miss the hobgoblin.
You bite the hobgoblin, but do no damage.
The hobgoblin is severely wounded.
You block the kobold's attack.
The hobgoblin hits you but does no damage.
You closely miss the hobgoblin.
The hobgoblin is severely wounded.
The kobold hits you but does no damage. The hobgoblin barely misses you.
You thump the hobgoblin!
You kill the hobgoblin!
The kobold hits you with a +0 club. The kobold hits you but does no damage.
The rat bites you.
You hit the rat but do no damage. The rat closely misses you.
The kobold hits you with a +0 club.
You hit the rat.
You kill the rat!
The kobold closely misses you.
You barely miss the kobold. The kobold hits you but does no damage.
You closely miss the kobold. Your bite misses the kobold.
The kobold hits you but does no damage. The kobold hits you with a +0 club.
You barely miss the kobold. You bite the kobold.
You kill the kobold!
No target in view!
Magic restored.
You see here a +0 club.
Found a whip.
There is a stone staircase leading down here.
Found 2 stones.
You now have 88 gold pieces (gained 15).
There is a stone staircase leading down here.
A hobgoblin comes into view.
The hobgoblin shouts!
You hit the hobgoblin. Your bite misses the hobgoblin.
The hobgoblin is severely wounded.
You block the hobgoblin's attack.
You hit the hobgoblin. You bite the hobgoblin.
You kill the hobgoblin!
No target in view!
No target in view!
No target in view!
No target in view!
No target in view!
Found a stone staircase leading up.
p - a +0 pair of gloves
Found a stone staircase leading up.
There is a stone staircase leading up here.
No target in view!
No target in view!
No target in view!
No target in view!
No target in view!
No target in view!
No target in view!
No target in view!
No target in view!
No target in view!
No target in view!
You start putting on your armour.
You continue putting on your +0 pair of gloves. x4
You finish putting on your +0 pair of gloves.
You start putting on your armour.
You continue putting on your +0 cloak. x4
You finish putting on your +0 cloak.
Found 6 stones.
There is a stone staircase leading up here.
You see here 6 stones.
A bat comes into view.
A bat is nearby!
You closely miss the bat. Your bite misses the bat.
The bat hits you but does no damage. The bat hits you but does no damage.
You hit the bat.
You kill the bat!
No target in view!
No target in view!
No target in view!
No target in view!
No target in view!
You see here a bat corpse.
Found a leather armour.
You see here a +0 leather armour.
Terence the Incautious comes into view.
He is wielding a +0 hand axe.
Terence is nearby!
Terence hits you with a +0 hand axe.
You barely miss Terence. Terence closely misses you.
You hit Terence. You bite Terence. You drain his power.
You feel invigorated.
Terence is moderately wounded.
Terence barely misses you.
You sock Terence! You bite Terence. You drain his power.
Terence is severely wounded.
Terence closely misses you. Terence hits you with a +0 hand axe.
You barely miss Terence.
Terence is severely wounded.
Terence hits you with a +0 hand axe.
You hit Terence but do no damage. Your bite misses Terence.
Terence is severely wounded.
Terence hits you with a +0 hand axe.
You thump Terence!
You kill Terence!
Your Maces & Flails skill increases to level 4!
No target in view!
There is a stone staircase leading up here.
Done exploring.
Done exploring.
Done exploring.
No target in view!
No target in view!
No target in view!
No target in view!
No target in view!
No target in view!
No target in view!
No target in view!
No target in view!
No target in view!
Search for what [? for help]? armor Unknown command.
Done exploring.
Done exploring.
(D) Dungeon
Where to? (Enter - D:2, ? - help)
There is a stone staircase leading down here.
You climb downwards.
Found 5 gold pieces.
There is a stone staircase leading up here.
Unknown command.
A goblin comes into view. It is wielding a +0 dagger.
The goblin shouts!
A goblin is nearby!
A goblin is nearby!
The goblin hits you but does no damage.
You hit the goblin.
You kill the goblin!
No target in view!
No target in view!
No target in view!
No target in view!
No target in view!
You now have 93 gold pieces (gained 5).
A kobold comes into view. It is wielding a +0 dagger.
Found a stone staircase leading down.
The kobold shouts!
The kobold moves out of view.
A kobold is nearby!
A kobold is nearby!
The kobold hits you but does no damage.
You hit the kobold but do no damage. Your bite misses the kobold.
The kobold hits you but does no damage.
You closely miss the kobold. Your bite misses the kobold.
The kobold hits you but does no damage.
You hit the kobold.
You kill the kobold!
No target in view!
No target in view!
No target in view!
q - a scroll labelled ZIWUILORUUST
Found a stone staircase leading down.
An adder comes into view.
Found 4 gold pieces.
The adder hisses angrily.
Found a scroll labelled JEV YXKIC.
You hit the adder. You bite the adder. You drain its power.
The adder is almost dead.
The adder bites you but does no damage. The adder barely misses you.
You barely miss the adder. Your bite misses the adder.
The adder is almost dead.
You block the adder's attack.
You hit the adder.
You kill the adder!
No target in view!
No target in view!
No target in view!
No target in view!
You now have 97 gold pieces (gained 4).
r - a scroll labelled JEV YXKIC A ball python comes into view.
The ball python hisses angrily.
The ball python moves out of view.
You sock the ball python!
You kill the ball python!
No target in view!
No target in view!
No target in view!
No target in view!
No target in view!
No target in view!
No target in view!
f - 2 scrolls labelled HUEZEN DYDIYNT (gained 1)
A rat comes into view.
A rat is nearby!
A rat is nearby!
A rat is nearby!
Found a sharpened copper wand.
The rat bites you.
You hit the rat. Your bite misses the rat.
The rat is severely wounded.
The rat bites you but does no damage.
You hit the rat.
You kill the rat!
No target in view!
No target in view!
No target in view!
No target in view!
No target in view!
No target in view!
Found a longbow.
Found a stone staircase leading up.
e - 3 scrolls labelled PAOXASMIWA (gained 1)
Found a chain mail.
s - a wand of flame (16)
Found a stone staircase leading up.
A dart slug comes into view.
A dart slug is nearby!
A dart slug is nearby!
The dart slug barely misses you.
You barely miss the dart slug.
You bite the dart slug, but do no damage.
The dart slug barely misses you.
You sock the dart slug! You bite the dart slug.
You kill the dart slug!
No target in view!
No target in view!
No target in view!
No target in view!
t - a dark potion You see here a dart slug corpse.
You now have 109 gold pieces (gained 12).
You now have 120 gold pieces (gained 11).
A hobgoblin comes into view.
The hobgoblin shouts!
You hear a shout!
A hobgoblin is nearby!
You hit the hobgoblin but do no damage.
The hobgoblin hits you but does no damage.
You completely miss the hobgoblin.
You bite the hobgoblin, but do no damage.
A hobgoblin comes into view.
It is wielding a +0 sling and carrying a wand of roots (6).
The hobgoblin closely misses you.
You sock the hobgoblin!
You kill the hobgoblin!
The hobgoblin shoots a sling bullet.
The sling bullet hits you but does no damage.
The hobgoblin zaps a wand.
The roots erupt in riotous growth!
The grasping roots grab you! The grasping roots constrict you.
You see here a hobgoblin corpse.
You escape the roots grasp.
The hobgoblin shoots a sling bullet.
The sling bullet hits you.
A hobgoblin is nearby!
A hobgoblin is nearby!
A hobgoblin is nearby!
You hit the hobgoblin.
The hobgoblin is lightly wounded.
The hobgoblin unwields a +0 sling.
The hobgoblin hits you but does no damage.
You barely miss the hobgoblin. Your bite misses the hobgoblin.
The hobgoblin is lightly wounded.
The hobgoblin zaps a wand.
The roots erupt in riotous growth!
The grasping roots grab you!
The hobgoblin is unaffected.
The grasping roots constrict you.
You barely miss the hobgoblin.
The hobgoblin is lightly wounded.
The hobgoblin hits you. The grasping roots constrict you.
The hobgoblin hits you. The grasping roots constrict you.
The grasping roots release their grip on you.
You barely miss the hobgoblin.
You bite the hobgoblin, but do no damage.
The hobgoblin is lightly wounded.
The hobgoblin closely misses you.
You barely miss the hobgoblin.
The hobgoblin is lightly wounded.
The hobgoblin hits you.
You barely miss the hobgoblin. Your bite misses the hobgoblin.
The hobgoblin is lightly wounded.
The hobgoblin hits you but does no damage. x2
You hit the hobgoblin but do no damage.
You bite the hobgoblin, but do no damage.
The hobgoblin is lightly wounded.
The hobgoblin hits you but does no damage.
You hit the hobgoblin but do no damage.
The hobgoblin is lightly wounded.
The hobgoblin misses you.
You hit the hobgoblin but do no damage.
You bite the hobgoblin, but do no damage.
The hobgoblin is lightly wounded.
The hobgoblin zaps a wand.
The roots erupt in riotous growth!
The grasping roots grab you!
The hobgoblin is unaffected.
The grasping roots constrict you.
You barely miss the hobgoblin.
The hobgoblin is lightly wounded.
The hobgoblin hits you but does no damage.
The grasping roots constrict you. The hobgoblin hits you.
The grasping roots constrict you.
The grasping roots release their grip on you.
A hobgoblin is nearby!
You closely miss the hobgoblin.
You bite the hobgoblin, but do no damage.
The hobgoblin is lightly wounded.
The hobgoblin hits you but does no damage.
A hobgoblin is nearby!
Unknown command.
A hobgoblin is nearby!
You hit the hobgoblin but do no damage.
The hobgoblin is lightly wounded.
The hobgoblin hits you but does no damage.
You hit the hobgoblin. Your bite misses the hobgoblin.
The hobgoblin is heavily wounded.
The hobgoblin barely misses you.
You hit the hobgoblin.
You kill the hobgoblin!
No target in view!
Magic restored.
u - a wand of roots (3);
v - an amethyst potion
Things that are here:
a +0 sling; a +0 chain mail; a hobgoblin corpse
Found 4 stones.
Found a dagger.
Found a stone staircase leading down.
No target in view!
No target in view!
No target in view!
No target in view!
No target in view!
No target in view!
No target in view!
No target in view!
v - 2 amethyst potions (gained 1)
You now have 128 gold pieces (gained 8).
Found a ring mail.
You see here a +0 dagger.
You see here 4 stones.
Key pressed, stopping explore.
Done exploring.
Done exploring.
No target in view!
No target in view!
Done exploring.
Done exploring.
(D) Dungeon
Where to? (Enter - D:3, ? - help)
You see here a rat skeleton.
There is a stone staircase leading down here.
You climb downwards.
The endoplasm quivers.
There is a stone staircase leading up here.
An endoplasm is nearby!
Unknown command.
An endoplasm is nearby!
An endoplasm is nearby!
An endoplasm is nearby!
You sock the endoplasm!
You kill the endoplasm!
No target in view!
No target in view!
Found a quarterstaff.
An ufetubus comes into view.
The ufetubus shouts!
The ufetubus moves out of view.
An ufetubus is nearby!
An ufetubus is nearby!
You sock the ufetubus!
You kill the ufetubus!
You have reached level 5!
You now have 138 gold pieces (gained 10).
You now have 151 gold pieces (gained 13).
You open the door.
There is an open door here.
There is a fountain of clear blue water here.
You open the door.
Found a mace.
There is an open door here.
A kobold comes into view. It is wielding a +0 club.
The kobold shouts!
A kobold is nearby!
The kobold hits you but does no damage.
You hit the kobold.
You kill the kobold!
No target in view!
No target in view!
No target in view!
No target in view!
Things that are here:
a +0 club; 3 stones
q - 2 scrolls labelled ZIWUILORUUST (gained 1)
Found a stone staircase leading up.
A jackal comes into view.
The jackal barks!
You hear a bark!
A jackal comes into view.
There are monsters nearby!
There are monsters nearby!
A goblin and a jackal come into view.
The goblin shouts!
A jackal comes into view.
You sock the jackal!
You kill the jackal!
The goblin hits you but does no damage. You block the jackal's attack.
You sock the jackal!
You kill the jackal!
The goblin closely misses you. The jackal barely misses you.
You hit the jackal. You bite the jackal.
You kill the jackal!
The jackal barely misses you. The goblin barely misses you.
The jackal bites you. The goblin hits you with a +0 dagger.
You miss the goblin. You bite the goblin.
You kill the goblin!
The jackal bites you but does no damage.
An ogre comes into view. It is wielding a +0 giant club.
The jackal barely misses you.
You closely miss the jackal.
The ogre shouts!
Your bite misses the jackal. The jackal closely misses you.
You miss the jackal. The jackal barely misses you.
The jackal bites you but does no damage.
You hit the jackal. You bite the jackal.
You kill the jackal!
The ogre completely misses you.
You sock the ogre!
The ogre is moderately wounded.
The ogre hits you with a +0 giant club!!
Ouch! That really hurt!
* * * LOW HITPOINT WARNING * * *
You are too injured to fight recklessly!
You are too injured to fight recklessly!
You are too injured to fight recklessly!
You are too injured to fight recklessly!
You are too injured to fight recklessly!
You are too injured to fight recklessly!
An ogre is nearby!
The ogre attacks as you move away! The ogre hits you with a +0 giant club!
* * * LOW MAGIC WARNING * * *
You die...

..# #.# ........ ...
##...... . ... ...
...... .. ##. ..#.
#....# ... ....# #....#
.... ....# #....#..... .
#... +.......... ##
#..##..@O......
#....)........
############...†<.#.###.
#.............#.....#
#+####........##......
≈.≈≈≈##)......####..##
....≈≈#.......# ..#
.⌠#..≈#.......# #.#
###⌠..')......# #


You could see an ogre.

Vanquished Creatures
  Terence (D:2)
  2 adders
  An ufetubus (D:4)
  4 dart slugs
  5 bats
  An endoplasm (D:4)
  3 giant cockroaches
  9 goblins
  10 hobgoblins
  6 jackals
  7 kobolds
  2 quokkas (D:1)
  4 ball pythons
  3 frilled lizards (D:1)
  6 rats
64 creatures vanquished.

Notes
Turn   | Place    | Note
-------+----------+-------------------------------------------
     0 | D:1      | sleeves the Vine Stalker Fighter began the quest for the
                  | Orb.
     0 | D:1      | Reached XP level 1. HP: 11/11 MP: 2/2
    39 | D:1      | HP: 5/11 [kobold/+0 short sword (3)]
    41 | D:1      | Reached skill level 2 in Maces & Flails
   102 | D:1      | Reached XP level 2. HP: 16/16 MP: 3/3
   130 | D:1      | HP: 8/16 [rat (2)]
   219 | D:1      | Reached skill level 3 in Maces & Flails
   229 | D:1      | Reached XP level 3. HP: 15/19 MP: 4/4
   735 | D:1      | Found a faded altar of an unknown god.
   923 | D:2      | Gained mutation: Your natural rate of healing is unusually
                  | fast. [Vine Stalker growth]
   923 | D:2      | Reached XP level 4. HP: 21/23 MP: 5/5
  1382 | D:2      | Noticed Terence
  1390 | D:2      | Killed Terence
  1391 | D:2      | Reached skill level 4 in Maces & Flails
  1993 | D:4      | Reached XP level 5. HP: 27/27 MP: 6/6
  2051 | D:4      | Noticed an ogre
  2057 | D:4      | HP: 9/27 [ogre/+0 giant club (18)]
  2058 | D:4      | Slain by an ogre

Illustrated notes

Levels and vault maps discovered:
D:1:      psy_arrival_spokes, layout_basic,
          shapermc_ecumenical_altar_mp_vishouse
D:2:      layout_loops_ring, uniq_terence
D:3:      layout_rooms
D:4:      layout_basic, nicolae_wu_jian_immortal_techniques,
          minmay_misc_feat_doors, serial_bayou_pond_a, kennysheep_another_room,
          uniq_edmund, uniq_blork_the_orc

Skill      XL: |  1  2  3  4 |
---------------+-------------+-----
Maces & Flails | 2 3 4 |  4.6
Fighting       | |  2.6
Armour         | |  2.4
Shields        | |  2.6

Action                   |  1- 3 |  4- 6 || total
-------------------------+-------+-------++-------
Melee: Flail             |    92 |    65 ||   157
       Bite              |    19 |    17 ||    36
Armor: Scale mail        |    49 |    34 ||    83
Dodge: Dodged            |    36 |    23 ||    59
Block: Buckler           |    24 |     5 ||    29

Table legend: (Time is in decaauts)
 A = Elapsed time spent in this place.
 B = Non-inter-level travel time spent in this place.
 C = Inter-level travel time spent in this place.
 D = Time resting spent in this place.
 E = Time spent auto-exploring this place.
 F = Levels seen in this place.
 G = Mean time per level.
                   A        B        C        D        E       F      G
               +--------+--------+--------+--------+--------+-----+--------+
         Total |   2103 |   2014 |     89 |      0 |   1617 |   4 |  525.8 |
       Dungeon |   2103 |   2014 |     89 |      0 |   1617 |   4 |  525.8 |
               +--------+--------+--------+--------+--------+-----+--------+

Top non-repeatable levels by time:
     D:1: 852 daAuts
     D:2: 764 daAuts
     D:3: 409 daAuts
     D:4: 76 daAuts
